[Event "1000GM Winter IM Norm-2 2024"]
[Site "Sunnyvale/"]
[Date "2024.01.04"]
[Round "3.3"]
[White "Goktepe, Derin"]
[Black "Zuluaga Mancilla, Cesar"]
[Result "1/2-1/2"]
[ECO "D10"]
[WhiteElo "2187"]
[BlackElo "2251"]
[Annotator "RC"]
[PlyCount "107"]
[EventDate "2023.12.14"]
[EventType "schev"]
[EventCountry "USA"]
[SourceTitle "playchess.com"]
[Source "ChessBase"]
[SourceQuality "1"]
[TimeControl "5400+30"]

1. d4 d5 2. c4 c6 3. Nc3 Nf6 4. cxd5 cxd5 5. Bf4 Nc6 6. e3 a6 7. Be2 e6 8. Rc1 Be7 9. Nf3 O-O 10. Ne5 Bd7 11. O-O Nxe5 12. Bxe5 Qb6 13. Qb3 Qxb3 14. axb3 b5 15. Bd3 Rfc8 16. f3 Bc6 17. Rc2 Nd7 18. Bg3 b4 19. Ne2 Bb7 20. Rfc1 Rxc2 21. Rxc2 Rc8 22. Rc7 Rxc7 23. Bxc7 h6 24. Kf2 Kf8 25. Nc1 Ke8 26. Na2 Bc8 27. Ba5 Nb8 28. Bxb4 Bd7 29. Ke2 Bxb4 30. Nxb4 a5 31. Nc2 Nc6 32. Kd2 Nb4 33. Kc3 Na2+ 34. Kd2 Nb4 35. Be2 Kd8 36. Na3 Kc7 37. Nb1 Kb6 38. Nc3 Bc6 39. Na4+ Bxa4 40. bxa4 f6 41. Bb5 Kc7 42. f4 Kd6 43. g4 g5 44. fxg5 hxg5 45. Bf1 e5 46. Bg2 e4 47. Bf1 Ke6 48. Bb5 Kd6 49. Kc3 Ke6 50. Kd2 Ke7 51. Kc3 Ke6 52. Kd2 Ke7 53. Kc3 Na2+ 54. Kb3 1/2-1/2

[Event "1000GM Winter IM Norm-2 2024"]
[Site "Sunnyvale/"]
[Date "2024.01.04"]
[Round "3.4"]
[White "Atwell, Rose"]
[Black "Hajnal, Zoltan"]
[Result "1-0"]
[ECO "C70"]
[WhiteElo "2104"]
[BlackElo "2383"]
[Annotator "RC"]
[PlyCount "63"]
[EventDate "2023.12.14"]
[EventType "schev"]
[EventCountry "USA"]
[SourceTitle "playchess.com"]
[Source "ChessBase"]
[SourceQuality "1"]
[TimeControl "5400+30"]

1. e4 e5 2. Nf3 Nc6 3. Bb5 a6 4. Ba4 d6 5. O-O b5 6. Bb3 Na5 7. d4 exd4 8. Nxd4 Bb7 9. Bd2 Nxb3 10. Nxb3 c6 11. Re1 Be7 12. e5 dxe5 13. Rxe5 Kf8 14. Qe1 Bd6 15. Bb4 Nf6 16. Bxd6+ Qxd6 17. f3 Bc8 18. Nc3 Be6 19. Rd1 Bd5 20. Qg3 h5 21. Nxd5 cxd5 22. Rde1 Rh6 23. Nd4 Rg6 24. Qf4 b4 25. Qe3 a5 26. Nf5 d4 27. Nxd4 Qc7 28. c3 bxc3 29. bxc3 h4 30. h3 Qd7 31. Nf5 Ne8 32. Qc5+ 1-0

[Event "1000GM Winter IM Norm-2 2024"]
[Site "Sunnyvale/"]
[Date "2024.01.04"]
[Round "3.5"]
[White "Rodi, Luis Ernesto"]
[Black "Sivakumar, Shaaketh"]
[Result "0-1"]
[ECO "C18"]
[WhiteElo "2196"]
[BlackElo "2364"]
[Annotator "RC"]
[PlyCount "108"]
[EventDate "2023.12.14"]
[EventType "schev"]
[EventCountry "USA"]
[SourceTitle "playchess.com"]
[Source "ChessBase"]
[SourceQuality "1"]
[TimeControl "5400+30"]

1. e4 e6 2. d4 d5 3. Nc3 Bb4 4. e5 Ne7 5. a3 Bxc3+ 6. bxc3 c5 7. Qg4 Kf8 8. Qd1 Qc7 9. Nf3 b6 10. a4 Nd7 11. Bd3 a5 12. h4 Ba6 13. Bxa6 Rxa6 14. h5 h6 15. g4 Ra8 16. Bd2 Rc8 17. Ra2 Nc6 18. O-O Ke7 19. Qe2 cxd4 20. cxd4 Nb4 21. Rb2 Qc4 22. Qe3 Nxc2 23. Qf4 Qd3 24. Be3 Nxe3 25. fxe3 Rc3 26. Re1 Rhc8 27. Rf2 Rc2 28. Ref1 Rxf2 29. Rxf2 Rc1+ 30. Kg2 Rc3 31. Nd2 f6 32. exf6+ Nxf6 33. g5 hxg5 34. Qxg5 Kf7 35. Nf3 Qxe3 36. Ne5+ Kg8 37. Qxe3 Rxe3 38. h6 Re4 39. Rb2 Ng4 40. Nc6 Nxh6 41. Rxb6 Nf5 42. Nxa5 Nxd4 43. Nb7 Re2+ 44. Kh3 Re3+ 45. Kg2 Kf7 46. a5 Re2+ 47. Kh3 Ra2 48. a6 Kf6 49. Nc5 Ra5 50. Nd7+ Kf5 51. Nb8 g5 52. Rb7 Kf4 53. Rf7+ Nf5 54. a7 Ra2 0-1

[Event "1000GM Winter IM Norm-2 2024"]
[Site "Sunnyvale/"]
[Date "2024.01.04"]
[Round "3.6"]
[White "Dominguez Aguilar, Guillermo"]
[Black "Yao, Hanchi"]
[Result "1-0"]
[ECO "B52"]
[WhiteElo "2319"]
[BlackElo "1998"]
[Annotator "RC"]
[PlyCount "77"]
[EventDate "2023.12.14"]
[EventType "schev"]
[EventCountry "USA"]
[SourceTitle "playchess.com"]
[Source "ChessBase"]
[SourceQuality "1"]
[TimeControl "5400+30"]

1. e4 c5 2. Nf3 d6 3. Bb5+ Bd7 4. Bxd7+ Qxd7 5. O-O Nf6 6. Qe2 Nc6 7. c3 e6 8. d4 d5 9. e5 Ne4 10. Rd1 Be7 11. Ne1 h6 12. Be3 c4 13. f3 Ng5 14. Nd2 f5 15. exf6 gxf6 16. b3 cxb3 17. axb3 Nf7 18. Nd3 e5 19. dxe5 fxe5 20. c4 d4 21. Bf2 O-O-O 22. b4 Bxb4 23. Nxb4 Nxb4 24. Rxa7 Na6 25. Rb1 Qc6 26. Rbxb7 Qxb7 27. Rxb7 Kxb7 28. f4 Rhe8 29. Qe4+ Kc8 30. fxe5 Rxe5 31. Qa8+ Nb8 32. Bg3 Rde8 33. Nf3 d3 34. c5 R8e6 35. Nxe5 Nxe5 36. Qd5 d2 37. Qxe6+ Ned7 38. Qd5 d1=Q+ 39. Qxd1 1-0

[Event "1000GM Winter IM Norm-2 2024"]
[Site "Sunnyvale/"]
[Date "2024.01.04"]
[Round "3.7"]
[White "Ramirez, Carlos"]
[Black "Bhatta, Rohit"]
[Result "1-0"]
[ECO "D35"]
[WhiteElo "2190"]
[BlackElo "1867"]
[Annotator "RC"]
[PlyCount "57"]
[EventDate "2023.12.14"]
[EventType "schev"]
[EventCountry "USA"]
[SourceTitle "playchess.com"]
[Source "ChessBase"]
[SourceQuality "1"]
[TimeControl "5400+30"]

1. d4 Nf6 2. c4 e6 3. Nc3 d5 4. cxd5 exd5 5. Bg5 c6 6. e3 Bf5 7. Bd3 Bxd3 8. Qxd3 Be7 9. Nge2 Nbd7 10. f3 Nh5 11. Bxe7 Qxe7 12. e4 dxe4 13. fxe4 O-O 14. Qf3 g6 15. O-O-O b5 16. g4 Ng7 17. h4 b4 18. Na4 c5 19. Nxc5 Nxc5 20. dxc5 Rac8 21. Nf4 Qxc5+ 22. Kb1 Rfd8 23. Nd5 Qc2+ 24. Ka1 Kf8 25. h5 gxh5 26. gxh5 Ne6 27. Qf6 Rxd5 28. exd5 Nc5 29. d6 1-0

[Event "1000GM Winter IM Norm-2 2024"]
[Site "Sunnyvale/"]
[Date "2024.01.04"]
[Round "3.8"]
[White "Arenas, David"]
[Black "Stevens, Adam B"]
[Result "1-0"]
[ECO "A13"]
[WhiteElo "2406"]
[BlackElo "1878"]
[Annotator "RC"]
[PlyCount "45"]
[EventDate "2023.12.14"]
[EventType "schev"]
[EventCountry "USA"]
[SourceTitle "playchess.com"]
[Source "ChessBase"]
[SourceQuality "1"]
[TimeControl "5400+30"]

1. c4 e6 2. g3 d5 3. Nf3 Nf6 4. Bg2 dxc4 5. Qa4+ Bd7 6. Qxc4 c5 7. Ne5 Qc8 8. Nxd7 Qxd7 9. Nc3 Nc6 10. O-O Be7 11. Qa4 O-O 12. Bxc6 bxc6 13. d3 Rab8 14. Qc2 Nd5 15. Bd2 Nb4 16. Qc1 Nd5 17. Na4 Rb5 18. Be3 Nxe3 19. Qxe3 Qd4 20. b3 Rc8 21. Rac1 h6 22. Rc4 Qd5 23. Nc3 1-0

[Event "1000GM Winter IM Norm-2 2024"]
[Site "Sunnyvale/"]
[Date "2024.01.04"]
[Round "3.9"]
[White "Sivakumar, Shaashwath"]
[Black "Mede, Istvan"]
[Result "1/2-1/2"]
[ECO "A65"]
[WhiteElo "2205"]
[BlackElo "2187"]
[Annotator "RC"]
[PlyCount "46"]
[EventDate "2023.12.14"]
[EventType "schev"]
[EventCountry "USA"]
[SourceTitle "playchess.com"]
[Source "ChessBase"]
[SourceQuality "1"]
[TimeControl "5400+30"]

1. d4 Nf6 2. c4 g6 3. Nc3 Bg7 4. e4 d6 5. f3 O-O 6. Nge2 c5 7. d5 e6 8. Ng3 exd5 9. cxd5 a6 10. a4 h5 11. Bg5 Qe8 12. Bd3 Nh7 13. Bf4 Qe7 14. O-O h4 15. Nge2 f5 16. exf5 gxf5 17. Qb1 Qf6 18. b4 Nd7 19. Bc2 b6 20. bxc5 bxc5 21. Ra3 Rb8 22. Rb3 Rxb3 23. Qxb3 Re8 1/2-1/2

[Event "1000GM Winter IM Norm-2 2024"]
[Site "Sunnyvale/"]
[Date "2024.01.04"]
[Round "4.1"]
[White "Calderin Gonzalez, Roberto"]
[Black "Zhou, Ruoyu"]
[Result "1/2-1/2"]
[ECO "D58"]
[WhiteElo "2413"]
[BlackElo "2112"]
[Annotator "RC"]
[PlyCount "148"]
[EventDate "2023.12.14"]
[EventType "schev"]
[EventCountry "USA"]
[SourceTitle "playchess.com"]
[Source "ChessBase"]
[SourceQuality "1"]
[TimeControl "5400+30"]

1. Nf3 d5 2. d4 Nf6 3. c4 e6 4. Nc3 Be7 5. Bg5 O-O 6. e3 h6 7. Bh4 b6 8. Qb3 Bb7 9. Bxf6 Bxf6 10. cxd5 exd5 11. Rd1 c6 12. Bd3 Nd7 13. O-O Re8 14. Rfe1 Nf8 15. e4 Ne6 16. e5 Be7 17. Bb1 g6 18. g3 Qc7 19. h4 h5 20. Ne2 Qd7 21. Qe3 c5 22. Nf4 cxd4 23. Nxd4 Nxd4 24. Qxd4 Bc5 25. Qd3 Qc6 26. e6 f5 27. Qf3 d4 28. Qxc6 Bxc6 29. Nxg6 Bf3 30. Bxf5 Bxd1 31. Rxd1 Rad8 32. Nf4 Rf8 33. Bd3 Rxf4 34. gxf4 Kg7 35. Kg2 Kf6 36. f5 Rg8+ 37. Kf3 Rg4 38. Rh1 Kg7 39. Rh3 Be7 40. Rg3 Bxh4 41. Rxg4+ hxg4+ 42. Kxg4 Be7 43. Ba6 Kf6 44. Kf4 Bc5 45. f3 d3 46. Bxd3 a5 47. Ke4 Bf2 48. Kd5 Be3 49. a3 Bc5 50. Kc4 Bd6 51. Kb5 Bc5 52. Bc4 Bd4 53. b4 axb4 54. a4 b3 55. Bxb3 Ke7 56. Kc6 Be3 57. Kd5 Kf6 58. Kd6 Bc5+ 59. Kd7 Bb4 60. Kc6 Ba5 61. Bc4 Ke7 62. Bb5 Kf6 63. Kc7 Ke7 64. f4 Kf6 65. Kd7 Bb4 66. Bd3 Be7 67. Kc6 Bd8 68. Kd6 Be7+ 69. Kc7 Bc5 70. Kd7 Bb4 71. Bc2 Bc5 72. Kc6 Be3 73. Bb3 Bf2 74. Kd6 Bc5+ 1/2-1/2

[Event "1000GM Winter IM Norm-2 2024"]
[Site "Sunnyvale/"]
[Date "2024.01.04"]
[Round "4.2"]
[White "Zuluaga Mancilla, Cesar"]
[Black "Karthi, Jashith"]
[Result "1-0"]
[ECO "E14"]
[WhiteElo "2251"]
[BlackElo "2032"]
[Annotator "RC"]
[PlyCount "151"]
[EventDate "2023.12.14"]
[EventType "schev"]
[EventCountry "USA"]
[SourceTitle "playchess.com"]
[Source "ChessBase"]
[SourceQuality "1"]
[TimeControl "5400+30"]

1. d4 d5 2. Nf3 Nf6 3. c4 e6 4. e3 b6 5. Nc3 Bb7 6. cxd5 exd5 7. Bd3 Be7 8. O-O Nbd7 9. b3 O-O 10. Bb2 Re8 11. Qc2 Rc8 12. Rac1 c5 13. Qb1 Bf8 14. Bf5 g6 15. Bh3 Rc6 16. dxc5 bxc5 17. Rfd1 Nb6 18. Qa1 Bg7 19. a4 a5 20. Nb5 Ba6 21. Ne5 Bxb5 22. axb5 Rd6 23. Nc6 Qa8 24. Rxc5 Ne4 25. Rc2 Bxb2 26. Qxb2 h5 27. g3 a4 28. Ra1 Qb7 29. bxa4 Nc4 30. Qd4 Ng5 31. Bg2 Ne6 32. Qd1 Qd7 33. Nd4 Nc5 34. a5 Ne6 35. a6 Nxd4 36. Qxd4 Qxb5 37. Rxc4 Qxc4 38. Qxc4 dxc4 39. a7 c3 40. a8=Q Rxa8 41. Rxa8+ Kg7 42. Rc8 Rd1+ 43. Bf1 Rc1 44. Kg2 Kf6 45. Bd3 Ke7 46. e4 Kd7 47. Rc4 Kd6 48. f4 f6 49. h4 Kd7 50. Kf3 Kd6 51. Kf2 Ke6 52. Ke2 Kd6 53. Ke3 Rg1 54. Kd4 Rxg3 55. e5+ fxe5+ 56. fxe5+ Kd7 57. Rxc3 Rg4+ 58. Kd5 Rxh4 59. Bxg6 Rh1 60. Bf5+ Ke7 61. Rc7+ Kd8 62. Rd7+ Ke8 63. Rh7 Ra1 64. Bg6+ Kd8 65. Bxh5 Ra5+ 66. Ke6 Ra6+ 67. Kf5 Rb6 68. e6 Rb5+ 69. Kf6 Rb6 70. Bg4 Ra6 71. Bf5 Rb6 72. Rh8+ Kc7 73. Kf7 Kd6 74. e7 Rb7 75. Rd8+ Ke5 76. Bd7 1-0

[Event "1000GM Winter IM Norm-2 2024"]
[Site "Sunnyvale/"]
[Date "2024.01.04"]
[Round "4.3"]
[White "Hajnal, Zoltan"]
[Black "Goktepe, Derin"]
[Result "1/2-1/2"]
[ECO "C54"]
[WhiteElo "2383"]
[BlackElo "2187"]
[Annotator "RC"]
[PlyCount "91"]
[EventDate "2023.12.14"]
[EventType "schev"]
[EventCountry "USA"]
[SourceTitle "playchess.com"]
[Source "ChessBase"]
[SourceQuality "1"]
[TimeControl "5400+30"]

1. e4 e5 2. Nf3 Nc6 3. Bc4 Bc5 4. c3 Nf6 5. d3 d6 6. Nbd2 a5 7. a4 O-O 8. h3 Be6 9. Bb3 Re8 10. Bc2 Ba7 11. Nf1 Ne7 12. Ng3 Ng6 13. O-O d5 14. Ng5 Bc8 15. exd5 Nxd5 16. Nf3 Ndf4 17. Be3 Qf6 18. d4 exd4 19. Nxd4 Nd5 20. Bb3 Ndf4 21. Nh5 Nxh5 22. Qxh5 Bb6 23. Rad1 Bxd4 24. Bxd4 Qf5 25. Qxf5 Bxf5 26. Rfe1 Nf4 27. Rxe8+ Rxe8 28. Be5 Be6 29. c4 Ng6 30. Bxc7 Ra8 31. Rd8+ Rxd8 32. Bxd8 Ne5 33. Bxa5 Nd3 34. Bc3 Nc1 35. Bc2 Bxc4 36. f3 Nd3 37. b3 Ba6 38. b4 Bc4 39. h4 f6 40. g3 Kf7 41. Kg2 Ke6 42. f4 Bd5+ 43. Kf1 Bc4 44. Kg2 Bd5+ 45. Kf1 Bc4 46. Kg2 1/2-1/2

[Event "1000GM Winter IM Norm-2 2024"]
[Site "Sunnyvale/"]
[Date "2024.01.04"]
[Round "4.4"]
[White "Atwell, Rose"]
[Black "Rodi, Luis Ernesto"]
[Result "1-0"]
[ECO "B13"]
[WhiteElo "2104"]
[BlackElo "2196"]
[Annotator "RC"]
[PlyCount "71"]
[EventDate "2023.12.14"]
[EventType "schev"]
[EventCountry "USA"]
[SourceTitle "playchess.com"]
[Source "ChessBase"]
[SourceQuality "1"]
[TimeControl "5400+30"]

1. e4 c6 2. d4 d5 3. exd5 cxd5 4. Bd3 Nf6 5. h3 Nc6 6. c3 e5 7. dxe5 Nxe5 8. Nf3 Nxd3+ 9. Qxd3 Bd6 10. O-O O-O 11. Bg5 h6 12. Bh4 g5 13. Bg3 Bxg3 14. fxg3 g4 15. hxg4 Nxg4 16. Na3 Re8 17. Nc2 Qb6+ 18. Nfd4 Re4 19. Rae1 Qg6 20. Rf4 Qh5 21. Nf3 Rxe1+ 22. Ncxe1 Bd7 23. c4 Re8 24. cxd5 a6 25. Nc2 Ne5 26. Nxe5 Rxe5 27. Ne3 Qg5 28. Qd4 Qe7 29. Ng4 Bxg4 30. Rxg4+ Kh7 31. d6 Qd7 32. Qxe5 Qxg4 33. Qd5 Qd7 34. Qe4+ Kg7 35. Qe7 Qg4 36. d7 1-0

[Event "1000GM Winter IM Norm-2 2024"]
[Site "Sunnyvale/"]
[Date "2024.01.04"]
[Round "4.5"]
[White "Sivakumar, Shaaketh"]
[Black "Dominguez Aguilar, Guillermo"]
[Result "1-0"]
[ECO "B31"]
[WhiteElo "2364"]
[BlackElo "2319"]
[Annotator "RC"]
[PlyCount "61"]
[EventDate "2023.12.14"]
[EventType "schev"]
[EventCountry "USA"]
[SourceTitle "playchess.com"]
[Source "ChessBase"]
[SourceQuality "1"]
[TimeControl "5400+30"]

1. e4 c5 2. Nf3 Nc6 3. Bb5 g6 4. O-O Bg7 5. c3 Nf6 6. Re1 O-O 7. d4 cxd4 8. cxd4 d5 9. e5 Ne4 10. Nc3 Nxc3 11. bxc3 Na5 12. Bd3 Bg4 13. Bf4 Rc8 14. Rc1 f6 15. Be2 Nc4 16. exf6 exf6 17. h3 Bxf3 18. Bxf3 Qd7 19. Qb3 b6 20. a4 a6 21. Re7 Qxe7 22. Bxd5+ Kh8 23. Bxc4 Qe4 24. Bd2 Qb7 25. Be6 Rcd8 26. d5 f5 27. c4 Qc7 28. a5 Rb8 29. axb6 Rxb6 30. Ba5 Qf4 31. Qe3 1-0

[Event "1000GM Winter IM Norm-2 2024"]
[Site "Sunnyvale/"]
[Date "2024.01.04"]
[Round "4.6"]
[White "Yao, Hanchi"]
[Black "Ramirez, Carlos"]
[Result "0-1"]
[ECO "D48"]
[WhiteElo "1998"]
[BlackElo "2190"]
[Annotator "RC"]
[PlyCount "80"]
[EventDate "2023.12.14"]
[EventType "schev"]
[EventCountry "USA"]
[SourceTitle "playchess.com"]
[Source "ChessBase"]
[SourceQuality "1"]
[TimeControl "5400+30"]

1. d4 d5 2. c4 dxc4 3. Nf3 Nf6 4. e3 e6 5. Bxc4 a6 6. Nc3 b5 7. Bd3 Bb7 8. O-O c5 9. b3 Nbd7 10. Bb2 Be7 11. Rc1 O-O 12. a4 cxd4 13. Nxd4 Nc5 14. Bb1 b4 15. Nce2 Qb6 16. Nf4 Rfd8 17. Nh5 e5 18. Nxf6+ Qxf6 19. Rxc5 Bxc5 20. Qc2 Qg6 21. Qxg6 hxg6 22. Nf3 Bd5 23. Bxe5 Bxb3 24. a5 Bd6 25. Be4 Rab8 26. Nd4 Bxe5 27. Nxb3 Rbc8 28. f4 Bf6 29. Kf2 Rc3 30. Rb1 Be7 31. Ke2 Rb8 32. Bd3 Bc5 33. Nd2 Ba7 34. Rb2 Rd8 35. Bxa6 Rxe3+ 36. Kf1 Rd5 37. g3 Rxa5 38. Bc4 Ra1+ 39. Kg2 Rc1 40. Ra2 Ra3 0-1

[Event "1000GM Winter IM Norm-2 2024"]
[Site "Sunnyvale/"]
[Date "2024.01.05"]
[Round "4.7"]
[White "Bhatta, Rohit"]
[Black "Arenas, David"]
[Result "0-1"]
[ECO "E11"]
[WhiteElo "1867"]
[BlackElo "2406"]
[Annotator "RC"]
[PlyCount "162"]
[EventDate "2023.12.14"]
[EventType "schev"]
[EventCountry "USA"]
[SourceTitle "playchess.com"]
[Source "ChessBase"]
[SourceQuality "1"]
[TimeControl "5400+30"]

1. d4 Nf6 2. c4 e6 3. g3 Bb4+ 4. Bd2 Qe7 5. Nf3 Nc6 6. Nc3 Bxc3 7. Bxc3 Ne4 8. Rc1 a5 9. Bg2 O-O 10. O-O Nxc3 11. Rxc3 d6 12. d5 Nb4 13. a3 Na6 14. dxe6 fxe6 15. Nd4 e5 16. Nc2 a4 17. Ne3 Nc5 18. Nd5 Qd8 19. Nb4 Bf5 20. Qd2 Kh8 21. Qe3 Bg6 22. Rd1 Qf6 23. Qf3 c6 24. Qxf6 Rxf6 25. Rf3 Rd8 26. Rxf6 gxf6 27. e3 Kg7 28. Bf3 Kf7 29. Kg2 Ke6 30. h4 h6 31. Kf1 Bf5 32. Kg2 Rg8 33. Kh2 Kd7 34. Kg2 Kc7 35. Kh2 Ra8 36. Kg2 Nd7 37. Be2 Be6 38. Rc1 Ra5 39. Nd3 Bf5 40. Rc3 Ra8 41. Bd1 Rg8 42. Be2 Kd8 43. Bd1 Ke7 44. Nb4 Nc5 45. Bf3 Kd7 46. Rc1 Kc7 47. Rc3 Ra8 48. Be2 Be6 49. Nd3 Nxd3 50. Bxd3 Kb6 51. Be2 Kc5 52. Kf1 f5 53. Kg2 Ra6 54. Rc2 Rb6 55. Kh2 Rb3 56. Kg2 Bg8 57. Kg1 Bf7 58. Kg2 Be6 59. Kh2 f4 60. exf4 exf4 61. Kg2 fxg3 62. fxg3 Re3 63. Kf2 Re4 64. Kf3 Rd4 65. Bf1 Bf5 66. Rc3 h5 67. Ke3 Re4+ 68. Kf3 Re1 69. Bd3 Bg4+ 70. Kf2 Rh1 71. Kg2 Rd1 72. Kf2 Rd2+ 73. Ke3 Rxb2 74. Bc2 b5 75. cxb5+ Kxb5 76. Kd4 Ra2 77. Bd3+ Kb6 78. Bc2 Be6 79. Bxa4 c5+ 80. Kd3 d5 81. Be8 Bf5+ 0-1

[Event "1000GM Winter IM Norm-2 2024"]
[Site "Sunnyvale/"]
[Date "2024.01.04"]
[Round "4.8"]
[White "Mede, Istvan"]
[Black "Stevens, Adam B"]
[Result "1-0"]
[ECO "C13"]
[WhiteElo "2187"]
[BlackElo "1878"]
[Annotator "RC"]
[PlyCount "89"]
[EventDate "2023.12.14"]
[EventType "schev"]
[EventCountry "USA"]
[SourceTitle "playchess.com"]
[Source "ChessBase"]
[SourceQuality "1"]
[TimeControl "5400+30"]

1. e4 e6 2. d4 d5 3. Nc3 Nf6 4. Bg5 dxe4 5. Nxe4 Be7 6. Bxf6 gxf6 7. Nf3 f5 8. Nc3 a6 9. Ne5 Nd7 10. Be2 Nxe5 11. dxe5 Bb4 12. Qxd8+ Kxd8 13. O-O-O+ Ke7 14. Rd4 Bxc3 15. bxc3 f6 16. exf6+ Kxf6 17. f4 Rg8 18. g3 e5 19. fxe5+ Kxe5 20. Re1 Kf6 21. Bc4 Rf8 22. Rh4 Rh8 23. Rf4 Bd7 24. Ref1 Ke5 25. Bd3 Rae8 26. Bxf5 Bxf5 27. Rxf5+ Ke6 28. Rf7 Re7 29. R1f6+ Kd7 30. Kd2 h5 31. Rxe7+ Kxe7 32. Rf4 Rh6 33. c4 Ke6 34. Rh4 Kf5 35. g4+ Kg5 36. Rxh5+ Rxh5 37. gxh5 Kxh5 38. Kd3 Kh4 39. Kd4 Kh3 40. Kd5 Kxh2 41. Ke6 Kg3 42. Kd7 c5 43. Kc7 b5 44. Kb6 bxc4 45. Kxc5 1-0

[Event "1000GM Winter IM Norm-2 2024"]
[Site "Sunnyvale/"]
[Date "2024.01.04"]
[Round "4.9"]
[White "Stopa, Jacek"]
[Black "Sivakumar, Shaashwath"]
[Result "1/2-1/2"]
[ECO "B51"]
[WhiteElo "2344"]
[BlackElo "2205"]
[Annotator "RC"]
[PlyCount "71"]
[EventDate "2023.12.14"]
[EventType "schev"]
[EventCountry "USA"]
[SourceTitle "playchess.com"]
[Source "ChessBase"]
[SourceQuality "1"]
[TimeControl "5400+30"]

1. e4 c5 2. Nf3 d6 3. Bb5+ Nd7 4. O-O Ngf6 5. Re1 a6 6. Bf1 b6 7. c4 Bb7 8. Nc3 e6 9. b3 Ne5 10. Bb2 Be7 11. Qe2 O-O 12. Rad1 Nfd7 13. d4 Nxf3+ 14. Qxf3 Bf6 15. d5 Bd4 16. Na4 Bxb2 17. Nxb2 e5 18. a4 g6 19. Qc3 a5 20. g3 Qg5 21. Nd3 Rae8 22. Bg2 Qh6 23. Re2 Bc8 24. Rf1 f5 25. exf5 gxf5 26. Rfe1 Nf6 27. f4 e4 28. Nf2 Qg6 29. Re3 h5 30. Nh3 Nh7 31. Kf1 Re7 32. Bf3 Rg7 33. Bd1 Qh6 34. Ke2 Kf7 35. Kd2 Rfg8 36. Kc2 1/2-1/2

[Event "1000GM Winter IM Norm-2 2024"]
[Site "Sunnyvale/"]
[Date "2024.01.05"]
[Round "5.1"]
[White "Zhou, Ruoyu"]
[Black "Zuluaga Mancilla, Cesar"]
[Result "1/2-1/2"]
[ECO "B41"]
[WhiteElo "2112"]
[BlackElo "2251"]
[Annotator "RC"]
[PlyCount "84"]
[EventDate "2023.12.14"]
[EventType "schev"]
[EventCountry "USA"]
[SourceTitle "playchess.com"]
[Source "ChessBase"]
[SourceQuality "1"]
[TimeControl "5400+30"]

1. e4 c5 2. Nf3 e6 3. d4 cxd4 4. Nxd4 a6 5. c4 Nf6 6. Nc3 Qc7 7. a3 Nxe4 8. Nxe4 Qe5 9. Bd3 Qxd4 10. Be3 Qe5 11. O-O f5 12. Nd2 Nc6 13. Re1 Qf6 14. c5 Be7 15. Nc4 f4 16. Bd2 O-O 17. b4 g6 18. Re4 g5 19. Re1 f3 20. Qxf3 Qxf3 21. gxf3 Rxf3 22. Be4 Rf8 23. Bxc6 bxc6 24. Bc3 Bd8 25. Rad1 Rf3 26. Re3 Rf5 27. Be5 a5 28. Nd6 axb4 29. Nxf5 exf5 30. axb4 Kf7 31. Rh3 Kg8 32. Re1 Be7 33. Bd4 Bf8 34. Rg3 h6 35. Be5 Kf7 36. Bd6 f4 37. Rd3 Bg7 38. Be5 Bxe5 39. Rxe5 Ra1+ 40. Kg2 Ba6 41. Rd2 Bf1+ 42. Kf3 Ra3+ 1/2-1/2

[Event "1000GM Winter IM Norm-2 2024"]
[Site "Sunnyvale/"]
[Date "2024.01.05"]
[Round "5.2"]
[White "Karthi, Jashith"]
[Black "Hajnal, Zoltan"]
[Result "1/2-1/2"]
[ECO "D15"]
[WhiteElo "2032"]
[BlackElo "2383"]
[Annotator "RC"]
[PlyCount "61"]
[EventDate "2023.12.14"]
[EventType "schev"]
[EventCountry "USA"]
[SourceTitle "playchess.com"]
[Source "ChessBase"]
[SourceQuality "1"]
[TimeControl "5400+30"]

1. d4 d5 2. c4 c6 3. Nf3 Nf6 4. Nc3 dxc4 5. e4 b5 6. Be2 e6 7. a4 b4 8. e5 bxc3 9. exf6 cxb2 10. fxg7 Bxg7 11. Bxb2 Qa5+ 12. Qd2 Qxd2+ 13. Nxd2 O-O 14. Nxc4 Ba6 15. Ne5 Bxe2 16. Kxe2 Rd8 17. Rac1 Rd5 18. Rhd1 Bxe5 19. dxe5 Rxd1 20. Kxd1 Na6 21. Rxc6 Nb4 22. Rd6 Nd5 23. Bd4 a5 24. Bb6 Nc3+ 25. Kc2 Nxa4 26. Rd8+ Rxd8 27. Bxd8 Nc5 28. Bxa5 Kg7 29. Bc3 Kg6 30. Bd4 Nd7 31. Kd3 1/2-1/2

[Event "1000GM Winter IM Norm-2 2024"]
[Site "Sunnyvale/"]
[Date "2024.01.05"]
[Round "5.3"]
[White "Goktepe, Derin"]
[Black "Rodi, Luis Ernesto"]
[Result "1/2-1/2"]
[ECO "E11"]
[WhiteElo "2187"]
[BlackElo "2196"]
[Annotator "RC"]
[PlyCount "64"]
[EventDate "2023.12.14"]
[EventType "schev"]
[EventCountry "USA"]
[SourceTitle "playchess.com"]
[Source "ChessBase"]
[SourceQuality "1"]
[TimeControl "5400+30"]

1. d4 d5 2. c4 e6 3. Nf3 Nf6 4. g3 Bb4+ 5. Bd2 Be7 6. Bg2 O-O 7. O-O Nbd7 8. Qc2 Ne4 9. Nc3 Nxd2 10. Nxd2 c6 11. e4 dxc4 12. Nxc4 Nb6 13. Qd3 Nxc4 14. Qxc4 Qb6 15. b3 Bd7 16. Rfd1 Rac8 17. Rac1 Rfd8 18. Na4 Qb4 19. Nc5 Qxc4 20. Rxc4 Rc7 21. f4 Bc8 22. e5 b6 23. Ne4 c5 24. b4 Ba6 25. Rc2 Bb5 26. Rdc1 Bd3 27. Rd2 Bxe4 28. Bxe4 Rcd7 29. bxc5 Bxc5 30. Rcd1 h6 31. Kf2 Rxd4 32. Rxd4 Rd5 1/2-1/2

[Event "1000GM Winter IM Norm-2 2024"]
[Site "Sunnyvale/"]
[Date "2024.01.05"]
[Round "5.4"]
[White "Dominguez Aguilar, Guillermo"]
[Black "Atwell, Rose"]
[Result "0-1"]
[ECO "B12"]
[WhiteElo "2319"]
[BlackElo "2104"]
[Annotator "RC"]
[PlyCount "74"]
[EventDate "2023.12.14"]
[EventType "schev"]
[EventCountry "USA"]
[SourceTitle "playchess.com"]
[Source "ChessBase"]
[SourceQuality "1"]
[TimeControl "5400+30"]

1. e4 c6 2. d4 d5 3. e5 Bf5 4. h4 h5 5. Bd3 Bxd3 6. Qxd3 e6 7. Nf3 Qa5+ 8. Nbd2 Qa6 9. c4 Ne7 10. a3 Nf5 11. Rb1 Be7 12. b4 dxc4 13. Nxc4 Nd7 14. Qc2 Nb6 15. Ne3 Nh6 16. Rb3 Rd8 17. Rd3 Nd5 18. Nxd5 Rxd5 19. Bxh6 gxh6 20. O-O Rg8 21. Rb1 Rg4 22. g3 Kf8 23. Rbb3 Kg7 24. Qd1 Qb6 25. Rd2 Qd8 26. Kf1 a5 27. bxa5 Qxa5 28. Rbd3 Qa6 29. Kg2 c5 30. dxc5 Rxd3 31. Rxd3 Bxc5 32. Nh2 Re4 33. f4 Re1 34. Qd2 Qc6+ 35. Nf3 Rg1+ 36. Kh3 Rf1 37. Qc3 Qe4 0-1

[Event "1000GM Winter IM Norm-2 2024"]
[Site "Sunnyvale/"]
[Date "2024.01.05"]
[Round "5.5"]
[White "Ramirez, Carlos"]
[Black "Sivakumar, Shaaketh"]
[Result "0-1"]
[ECO "A40"]
[WhiteElo "2190"]
[BlackElo "2364"]
[Annotator "RC"]
[PlyCount "44"]
[EventDate "2023.12.14"]
[EventType "schev"]
[EventCountry "USA"]
[SourceTitle "playchess.com"]
[Source "ChessBase"]
[SourceQuality "1"]
[TimeControl "5400+30"]

1. d4 e6 2. c4 b6 3. e4 Bb7 4. Qc2 Qh4 5. Nc3 Bb4 6. Bd3 f5 7. g3 Qh5 8. f3 Nc6 9. Be3 fxe4 10. Bxe4 Nf6 11. g4 Qa5 12. Nge2 Nxe4 13. fxe4 O-O 14. O-O-O Rf3 15. Qd2 Raf8 16. Kb1 Ba6 17. Rc1 Bxc4 18. h4 Bxa2+ 19. Kc2 Bxc3 20. Nxc3 Nb4+ 21. Kd1 Bb3+ 22. Ke1 Qa6 0-1

[Event "1000GM Winter IM Norm-2 2024"]
[Site "Sunnyvale/"]
[Date "2024.01.05"]
[Round "5.6"]
[White "Arenas, David"]
[Black "Yao, Hanchi"]
[Result "1-0"]
[ECO "B50"]
[WhiteElo "2406"]
[BlackElo "1998"]
[Annotator "RC"]
[PlyCount "55"]
[EventDate "2023.12.14"]
[EventType "schev"]
[EventCountry "USA"]
[SourceTitle "playchess.com"]
[Source "ChessBase"]
[SourceQuality "1"]
[TimeControl "5400+30"]

1. e4 c5 2. Nf3 d6 3. c3 Nf6 4. h3 Nc6 5. Bd3 e6 6. Bc2 Be7 7. O-O O-O 8. Re1 Qc7 9. d4 Nd7 10. Be3 b6 11. Nbd2 Bb7 12. Rc1 a6 13. Nf1 b5 14. Bb1 Nb6 15. b3 c4 16. b4 Rfd8 17. Ng3 g6 18. Qd2 f6 19. h4 Kf7 20. h5 e5 21. d5 Nb8 22. Bxb6 Qxb6 23. Qh6 Ke8 24. Qxh7 gxh5 25. Nf5 Rd7 26. Ng7+ Kd8 27. Qg8+ Kc7 28. Ne6# 1-0